cohdb
Replays
Latest Replays
All Replays
Popular Replays
Top Player Replays
Match Explorer
How It Works
Community
CoH3 Stats
Reddit
Sign in to upload your games and track your stats! →
Sign in with Steam
Match 43476523
Unlisted
Match 43476523
Overview
Messages
Build Orders
End
Pioneer Squad
Construct Infanterie Kompanie
Grenadier Squad
MG 42 Machine Gun Team
Selects Breakthrough Battlegroup
Selects Breakthrough Battlegroup
Selects Assault Grenadiers
Grenadier Squad
Infanterie Officer Quarters
Selects Breakthrough
Grenadier Squad
Construct Panzergrenadier Kompanie
251 Medium Carrier
Pak 40 Anti-tank Gun Team
Panzergrenadier Officer Quarters
Selects Mechanized Assault Group
Construct Panzer Kompanie
Mechanized Assault Group
Pak 40 Anti-tank Gun Team
Construct Panzer Kompanie
cannot compute
nilshousker
BrainySmurf
j3rkface
Doc_Holliday
jw
0
0
Comments
sign in to comment!
No comments posted yet!